 Dungeon Crawl Stone Soup version 0.28.0-45-g0d030f2227 (webtiles) character file.

Game seed: 467502028519436641

228 Saba the Bolt Thrower (level 6, -5/38 HPs)
             Began as a Gargoyle Hunter on Apr 4, 2022.
             Splashed by a jelly's acid (10 damage)
             ... in a sewer.
             The game lasted 00:03:53 (3412 turns).

Saba the Bolt Thrower (Gargoyle Hunter)             Turns: 3412, Time: 00:03:54

Health: -5/38      AC:  0    Str: 17    XL:     6   Next: 2%
Magic:  6/6        EV: 12    Int: 12    God:
Gold:   54         SH:  0    Dex: 10    Spells: 5/5 levels left

rFire   . . .      SeeInvis .   j - +2 spear (flame)
rCold   . . .      Faith    .   (no shield)
rNeg    + . .      Spirit   .   c - +0 leather armour
rPois   ∞          Reflect  .   (no helmet)
rElec   +          Harm     .   (no cloak)
rCorr   .          Rampage  .   (no gloves)
Will    .....                   (no boots)
Stlth   +.........              (no amulet)
HPRegen 0.12/turn               (no ring)
MPRegen 0.10/turn               (no ring)

@: brilliant, corroded
A: sickness immunity, AC +4, negative energy resistance 1, electricity
resistance, torment resistance 1, petrification resistance, subdued magic 1
a: no special abilities


You were in a sewer.
You visited 1 branch of the dungeon, and saw 3 of its levels.
You also visited: Sewer.

You collected 54 gold pieces.

Inventory:

Hand Weapons
 a - a +1 hand crossbow
 h - a +1 dagger of freezing
 j - a +2 spear of flaming (weapon)
Missiles
 d - 20 bolts
Armour
 c - a +0 leather armour (worn)
Scrolls
 b - a scroll of immolation {unknown}
 e - a scroll of torment {unknown}
 f - a scroll of summoning {unknown}
 g - a scroll of identify {unknown}
 i - 2 scrolls of teleportation {unknown}
 n - a scroll of enchant armour {unknown}
 q - a scroll of silence {unknown}
Potions
 l - a potion of haste {unknown}
 m - a potion of flight {unknown}
 o - a potion of invisibility {unknown}
 p - a potion of brilliance


   Skills:
 + Level 3.7 Fighting
 + Level 4.9 Crossbows
 + Level 2.9 Armour
 + Level 2.8 Dodging
 - Level 1.1 Stealth


You had 5 spell levels left.
You didn't know any spells.
Your spell library was empty.

Dungeon Overview and Level Annotations

Branches:
Dungeon (3/15)              Sewer (1/1)

Altars:
Ashenzari


Innate Abilities, Weirdness & Mutations

You are immune to sickness and miasma.
Your stone body is resilient. (AC +4)
You are immune to poison.
You resist negative energy. (rN+)
You are resistant to electric shocks. (rElec)
You are resistant to unholy torment.
You are immune to petrification.
Your spells are a little easier to cast, but a little less powerful.


Message History

The jelly is heavily wounded.
The jelly hits you but does no damage.
Your unstable footing causes you to fumble your attack.
The jelly closely misses you.
You hit the jelly but do no damage.
Your hands burn!
The jelly is heavily wounded.
The jelly barely misses you.
You hit the jelly. You burn the jelly.
Your hands burn!
The jelly is severely wounded.
The jelly hits you but does no damage.
You are too injured to fight recklessly!
You are too injured to fight recklessly!
You are too injured to fight recklessly!
You are too injured to fight recklessly!
You are too injured to fight recklessly!
You are too injured to fight recklessly!
You are too injured to fight recklessly!
You are too injured to fight recklessly!
You are too injured to fight recklessly!
You are too injured to fight recklessly!
You are too injured to fight recklessly!
You are too injured to fight recklessly!
You are too injured to fight recklessly!
You are too injured to fight recklessly!
You are too injured to fight recklessly!
You are too injured to fight recklessly!
You are too injured to fight recklessly!
You are too injured to fight recklessly!
You are too injured to fight recklessly!
The jelly closely misses you.
It was a potion of mutation.
You feel extremely strange.
Your connection to magic feels subdued.
The jelly hits you. The acid corrodes you!
You are splashed with acid!
* * * LOW HITPOINT WARNING * * *
It was a potion of brilliance.
You feel clever all of a sudden. The jelly hits you.
* * * LOW HITPOINT WARNING * * *
You are splashed with acid!
You die...

##.≈≈####.≈.# #.≈.## ##.≈# ##..##
####≈.## ## #≈.≈# ##.≈..≈≈## #≈
..≈≈###∩..≈.≈≈.# ############≈
.≈.###.≈.###≈..# #.≈...≈.≈..≈.
.≈..##.≈##[##÷≈#### #.≈.....≈..≈.
#.≈≈##≈.#...#≈≈.≈≈###≈.#########≈
##.≈##..≈.≈##≈.≈@.≈##≈†# #≈
#≈≈≈##†.≈##.≈.##J≈##..# ##
##.≈.≈.≈≈#.≈≈##≈.≈##..##########
##.≈.≈≈≈...##...###........≈≈.≈
###≈≈.≈.≈.##?.## #.≈≈≈...†.†..
###≈.≈≈≈.### ###########..
##...≈....## #≈≈ ##...###≈≈..#
#.. #.≈.##.##.≈≈## ##≈.


You could see a jelly.

Vanquished Creatures
  3 jellies
  A gnoll (D:1)
  An adder (Sewer)
  2 river rats
  4 worms
  3 dart slugs
  7 endoplasms
  5 giant cockroaches
  7 goblins
  7 hobgoblins
  7 jackals
  2 quokkas (D:1)
  8 ball pythons
  7 bats
  4 frilled lizards
  4 kobolds
  9 rats
81 creatures vanquished.

Notes
Turn   | Place    | Note
-------+----------+-------------------------------------------
     0 | D:1      | Saba the Gargoyle Hunter began the quest for the Orb.
     0 | D:1      | Reached XP level 1. HP: 12/12 MP: 1/1
   145 | D:1      | Found a faded altar of an unknown god.
   210 | D:1      | Reached XP level 2. HP: 12/18 MP: 2/2
   351 | D:1      | Reached skill level 1 in Armour
   918 | D:1      | Reached XP level 3. HP: 21/22 MP: 3/3
  1863 | D:2      | Found a broken altar of Ashenzari.
  1990 | D:2      | Reached XP level 4. HP: 26/27 MP: 4/4
  2611 | D:3      | Reached XP level 5. HP: 32/32 MP: 5/5
  2644 | D:3      | Found a glowing drain.
  2648 | Sewer    | Entered a sewer
  3268 | Sewer    | Found a viscous altar of Jiyva.
  3335 | Sewer    | Reached XP level 6. HP: 32/38 MP: 6/6
  3411 | Sewer    | Gained mutation: Your spells are a little easier to cast,
                  | but a little less powerful. [potion of mutation]
  3412 | Sewer    | Splashed by a jelly's acid

Illustrated notes

Levels and vault maps discovered:
D:1:      psy_arrival_radial01, layout_basic, ebering_ecumenical_altar_box,
          minmay_hexomino_p4
D:2:      layout_loops_ring, basic_altar
D:3:      minmay_evil_eye, layout_rooms, gup_sewer_entry_bowl, uniq_terence
Sewer:    sewer_hellmonk_slimy_pipes

Skill      XL: |  1  2  3  4 |
---------------+-------------+-----
Armour         | 1 2 |  2.9
Dodging        | 2 |  2.8
Fighting       | 3 |  3.7
Crossbows      | |  4.9
Stealth        | |  1.1

Action                   |  1- 3 |  4- 6 || total
-------------------------+-------+-------++-------
Melee: Short sword       |    99 |       ||    99
       Spear             |    19 |   161 ||   180
       Dagger            |    19 |       ||    19
       Punch             |       |     3 ||     3
  Use: Potion            |       |     2 ||     2
 Stab: Sleeping          |     1 |       ||     1
Armor: Leather armour    |    71 |    44 ||   115
Dodge: Dodged            |    91 |    67 ||   158
